 Dungeon Crawl Stone Soup version 0.29-a0-997-gf6f7e2dfe7 (webtiles) character file.

Game seed: 10419658293582911504

94 concernfroge the Trooper (level 4, -1/39 HPs)
             Began as a Mummy Monk on Aug 4, 2022.
             Slain by a goblin
             ... wielding a +0 club
             ... led by Robin
              (5 damage)
             ... on level 2 of the Dungeon.
             The game lasted 00:03:14 (1856 turns).

concernfroge the Trooper (Mummy Monk)               Turns: 1856, Time: 00:03:15

Health: -1/39      AC:  2    Str: 16    XL:     4   Next: 38%
Magic:  4/4        EV: 12    Int:  9    God:
Gold:   71         SH:  0    Dex: 14    Spells: 3/3 levels left

rFire   x . .      SeeInvis .   a - +2 spear
rCold   + . .      Faith    .   (no shield)
rNeg    + + +      Spirit   .   b - +0 robe
rPois   ∞          Reflect  .   (no helmet)
rElec   .          Harm     .   (no cloak)
rCorr   .          Rampage  .   (no gloves)
Will    .....                   (no boots)
Stlth   ++........              (no amulet)
HPRegen 0.13/turn               (no ring)
MPRegen 0.09/turn               (no ring)

@: weak-willed
A: cold resistance 1, negative energy resistance 3, torment resistance 2, heat
vulnerability 1, in touch with death 1, no potions
a: no special abilities


You were on level 2 of the Dungeon.
You visited 1 branch of the dungeon, and saw 2 of its levels.

You collected 71 gold pieces.

Inventory:

Hand Weapons
 a - a +2 spear (weapon)
Armour
 b - a +0 robe (worn)
Scrolls
 c - a scroll of magic mapping


   Skills:
 + Level 5.2 Fighting
 - Level 2.4 Polearms
 - Level 2.4 Dodging
 - Level 1.5 Stealth


You had 3 spell levels left.
You didn't know any spells.
Your spell library contained the following spells:

 Spells                   Type           Power      Damage    Failure   Level
 Conjure Flame            Conj/Fire      0%         6-21      77%         3
 Ignite Poison            Fire/Tmut/Pois 0%         N/A       77%         3
 Sticky Flame             Conj/Fire      0%         2d3       99%         4


Dungeon Overview and Level Annotations

Branches:
Dungeon (2/15)

Altars:


Innate Abilities, Weirdness & Mutations

You are immune to poison.
Your flesh is cold resistant. (rC+)
You are immune to negative energy. (rN+++)
You are immune to unholy pain and torment.
You are vulnerable to heat. (rF-)
You are in touch with the powers of death.
You do not drink.


Message History

Robin roars a battlecry!
The goblin goes into a battle-frenzy!
You closely miss the hobgoblin. The hobgoblin barely misses you.
A goblin comes into view. It is wielding a +0 dagger.
You hit the hobgoblin.
You kill the hobgoblin!
Robin roars a battlecry!
The goblin goes into a battle-frenzy!
Reach: a) +2 spear
Press: ? - help, Dir - move target, f - Robin
Aim: Robin, wielding a +0 dagger, wearing a +0 animal skin and wearing a +0 helmet (weak-willed, about 28% to evade your +2 spear)
You reach to attack!
You closely miss Robin. You hit Robin.
Robin is moderately wounded.
Robin says, "Kneel, worm!"
Robin hits you with a +0 dagger.
* * * LOW HITPOINT WARNING * * *
You barely miss Robin.
Robin is moderately wounded.
Robin points. "Kill!"
Robin closely misses you.
You hit Robin.
Robin is heavily wounded.
Robin completely misses you.
You hit Robin.
Robin is almost dead.
Robin hits you with a +0 dagger.
* * * LOW HITPOINT WARNING * * *
You hit Robin.
You kill Robin!
You hit the hobgoblin.
The hobgoblin is severely wounded.
The hobgoblin hits you.
* * * LOW HITPOINT WARNING * * *
You hit the hobgoblin.
You kill the hobgoblin!
You miss the goblin. The goblin hits you with a +0 club.
* * * LOW HITPOINT WARNING * * *
You closely miss the goblin. The goblin hits you with a +0 club.
You die...

#.......#####.#.*,#.#.#.#...#.#
*
#...........#,#.*,#...#.#[#.#.#
*
##.......##.#,#.#.###...#,*,,,*
*
.........##.#,#.#.......#,**,,*
##.......##†#,#.#####...#.#*,,*
#####.#.##.#.#...........#*,,*
#.#.##.#....####...###*,,*
#.#.##.####)# #####,,,,>*
#.#.##.# #@# *,*****
*,*,*#.####g# *,* *,*,*#....#g#
**,***** *,*,*####.#.# *,,,,,,*
*,*,**###.#.# *,,,,,,*
*,*,,,#<#.#.# *,,_,,,*
*,***,#.#.#.# *,,,,,,* *,*
*,#.#.#.#******,,,,,,* *,*
*,#.#.#,,,,,,,,,,,,,,*


You could see 2 goblins.

Vanquished Creatures
  Robin (D:2)
  A gnoll (D:1)
  2 adders (D:2)
  A worm (D:2)
  2 dart slugs
  8 ball pythons
  4 endoplasms
  4 giant cockroaches
  5 goblins
  4 hobgoblins
  7 kobolds
  A quokka (D:1)
  A bat (D:1)
  A frilled lizard (D:2)
  3 rats
45 creatures vanquished.

Notes
Turn   | Place    | Note
-------+----------+-------------------------------------------
     0 | D:1      | concernfroge the Mummy Monk began the quest for the Orb.
     0 | D:1      | Reached XP level 1. HP: 18/18 MP: 1/1
   187 | D:1      | Reached XP level 2. HP: 24/24 MP: 2/2
   272 | D:1      | Reached skill level 4 in Fighting
   471 | D:1      | Gained mutation: You are in touch with the powers of death.
                  | [Mummy growth]
   471 | D:1      | Reached XP level 3. HP: 23/30 MP: 3/3
  1675 | D:2      | Reached skill level 5 in Fighting
  1675 | D:2      | Reached XP level 4. HP: 39/39 MP: 4/4
  1823 | D:2      | Noticed Robin
  1852 | D:2      | Killed Robin
  1856 | D:2      | Slain by a goblin

Illustrated notes

Levels and vault maps discovered:
D:1:      dpeg_arrival_tiny_d, layout_loops_ring
D:2:      layout_basic, basic_altar, uniq_natasha, uniq_robin

Skill      XL: |  1  2  3 |
---------------+----------+-----
Fighting       | 4 5 |  5.2
Polearms       | |  2.4
Dodging        | |  2.4
Stealth        | |  1.5

Action                   |  1- 3 |  4- 6 || total
-------------------------+-------+-------++-------
Melee: Spear             |   129 |    35 ||   164
       Punch             |     1 |       ||     1
  Use: Scroll            |       |     4 ||     4
 Stab: Sleeping          |     8 |       ||     8
Armor: Robe              |    12 |     2 ||    14
Dodge: Dodged            |    37 |    22 ||    59

Table legend: (Time is in decaauts)
 A = Elapsed time spent in this place.
 B = Non-inter-level travel time spent in this place.
 C = Inter-level travel time spent in this place.
 D = Time resting spent in this place.
 E = Time spent auto-exploring this place.
 F = Levels seen in this place.
 G = Mean time per level.
                   A        B        C        D        E       F      G
               +--------+--------+--------+--------+--------+-----+--------+
         Total |   1852 |   1838 |     14 |      0 |   1517 |   2 |  926.0 |
       Dungeon |   1852 |   1838 |     14 |      0 |   1517 |   2 |  926.0 |
               +--------+--------+--------+--------+--------+-----+--------+

Top non-repeatable levels by time:
     D:1: 1089 daAuts
     D:2: 763 daAuts
